 Dungeon Crawl Stone Soup version 0.17.0-9-g801d43b (webtiles) character file.

2345 HungrySpirit the Grappler (level 9, -6/70 HPs)
             Began as a Black Draconian Transmuter on Nov 9, 2015.
             Was a Follower of Jiyva.
             Shot with a sling bullet by Joseph (19 damage)
             ... on level 7 of the Dungeon.
             The game lasted 00:16:12 (7869 turns).

HungrySpirit the Grappler (DrTm)                    Turns: 7869, Time: 00:16:12

Health: -6/70      AC:  9    Str: 19    XL:     9   Next: 20%
Magic:  14/16      EV: 12    Int: 13    God:    Jiyva [*.....]
Gold:   221        SH:  0    Dex: 15    Spells: 3 memorised, 11 levels left

rFire  x x .     SeeInvis .       - Unarmed
rCold  x x .     Clarity  .     (armour unavailable)
rNeg   . . .     SustAt   .     (no shield)
rPois  .         Gourm    .     (helmet restricted)
rElec  +         Spirit   .     n - +1 cloak
rCorr  .         Warding  .     (no gloves)
rMut   .         Stasis   .     (boots currently unavailable)
MR     .....                    o - amulet of faith
Stlth  +.........               t - +3 ring of strength
                                q - +3 ring of dexterity

@: appendage, not resistant to hostile enchantments, very unstealthy
A: breathe lightning, unfitting armour, talons 3, electricity resistance, cold
vulnerability 2, heat vulnerability 2, cold-blooded, AC +7
a: Breathe Lightning, End Transformation, Request Jelly, Renounce Religion


You were on level 7 of the Dungeon.
You worshipped Jiyva.
Jiyva was aware of your devotion.
You were not hungry.
You had grown temporary talons.
You visited 1 branch of the dungeon, and saw 7 of its levels.

You collected 221 gold pieces.

Inventory:

Missiles
 a - 67 arrows
Armour
 n - a +1 cloak (worn)
Jewellery
 o - an amulet of faith (around neck)
 q - a +3 ring of dexterity (left hand)
 t - a +3 ring of strength (right hand)
 v - a cursed ring of teleportation
Wands
 e - a wand of fire (4)
 f - a wand of slowing (4)
Scrolls
 d - 2 scrolls of remove curse
 h - 2 scrolls of magic mapping
 l - a scroll of fear
 m - a scroll of enchant armour
 s - 2 scrolls of recharging
Potions
 j - a potion of brilliance
 p - a potion of curing
 r - a potion of ambrosia
 u - a potion of beneficial mutation
 w - a potion of lignification {unknown}
Books
 b - a book of Changes

   Spells                             Type                      Level
   a - Beastly Appendage              Transmutation                1
   b - Sticks to Snakes               Transmutation                2
   c - Spider Form                    Transmutation/Poison         3
   d - Ice Form                       Ice/Transmutation            4
   e - Blade Hands                    Transmutation                5
Comestibles
 c - 4 bread rations
 g - 3 meat rations
 k - 3 fruits


   Skills:
 - Level 3.4 Fighting
 - Level 1.7 Dodging
 * Level 8.5 Unarmed Combat
 + Level 5.1 Spellcasting
 + Level 5.8 Transmutations
 + Level 4.2 Ice Magic


You had 11 spell levels left.
You knew the following spells:

 Your Spells              Type           Power        Failure   Level  Hunger
a - Beastly Appendage     Trmt           ###...       1%          1    None
b - Sticks to Snakes      Trmt           ###.......   2%          2    ##.....
c - Ice Form              Ice/Trmt       ###.....     28%         4    ####...


Dungeon Overview and Level Annotations

Branches:
Dungeon (7/15)
 Temple: D:4-7

Altars:
Dithmenos
Elyvilon
Fedhas
Gozag
Nemelex Xobeh
Qazlal
Sif Muna
Vehumet
Xom
Yredelemnul
Zin
The Shining One
Jiyva

Annotations:
D:4 Edmund, Sigmund
D:7 Joseph


Innate Abilities, Weirdness & Mutations

You can breathe wild blasts of lightning.
Your glossy black scales are hard (AC +7).
Your body does not fit into most forms of armour.
You are resistant to electric shocks.
You are cold-blooded and may be slowed by cold attacks.
You have claws for feet.
[You are very vulnerable to cold.]
[You are very vulnerable to heat.]


Message History

Your ball python bites Joseph but does no damage.
Your ball python bites Joseph.
Your ball python constricts Joseph.
Joseph hits you with an uncursed quarterstaff!
You swap places.
Something bites Joseph.
Your ball python bites Joseph but does no damage.
Your ball python constricts Joseph.
Something bites Joseph but does no damage.
Unknown command.
Joseph unwields an uncursed quarterstaff.
Joseph wields an uncursed hunting sling.
Joseph shoots a sling bullet.
The sling bullet hits you!
* * * LOW HITPOINT WARNING * * *
Your ball python bites Joseph but does no damage.
Your ball python constricts Joseph.
Your ball python bites Joseph but does no damage.
You see here a sling bullet.
Something bites Joseph but does no damage.
Joseph is constricted.
Joseph shoots a sling bullet.
The sling bullet hits you!!
You die...

##...........#
#....
###..#....###
#....
#...###.....#..##
#.#...#####.#..#
#.###.........(.
#.#..........
###(...###....#
####......# ##.#
#...(@..### .
##S#.###.# #..@S#
#.# #....# #.#
#....# #.# #....#
#.# ###### #.#
#.#


You could see Joseph and a friendly ball python.

Vanquished Creatures
  A hill giant (D:6)
  Grinder (D:4)
  A sky beast (D:6)
  An ice beast (D:6)
  6 ogres
  4 phantoms
  A centaur (D:6)
  2 wights (D:6)
  2 crimson imps (D:5)
  A hound (D:5)
  3 orc priests
  A giant frog zombie (D:5)
  A jelly (D:6)
  3 iguanas
  Natasha (twice) (D:4)
  A worker ant (D:5)
  A hound zombie (D:5)
  2 gnolls
  7 adders
  2 oozes (D:6)
  An adder zombie (D:5)
  2 worms
  4 giant geckos
  19 orcs
  14 goblins
  8 hobgoblins
  5 jackals (D:1)
  A ball python (D:1)
  4 bats
  4 giant cockroaches
  5 giant newts
  5 kobolds
  A quokka (D:3)
  10 rats
126 creatures vanquished.

Vanquished Creatures (collateral kills)
  An ogre (D:4)
  A worm (D:3)
  Natasha (D:4)
3 creatures vanquished.

Vanquished Creatures (others)
  An ice beast (D:6)
  An ogre (D:4)
  Blork the orc (D:6)
  7 jellies (D:6)
  2 wights (D:6)
  An orc wizard (D:6)
  2 giant geckos (D:6)
  An orc (D:6)
  2 giant cockroaches
  A jackal (D:6)
19 creatures vanquished.

Grand Total: 148 creatures vanquished

Notes
Turn   | Place    | Note
--------------------------------------------------------------
     0 | D:1      | HungrySpirit the Draconian Transmuter began the quest for the Orb.
     0 | D:1      | Reached XP level 1. HP: 16/16 MP: 3/3
   393 | D:1      | Reached XP level 2. HP: 23/23 MP: 3/5
   807 | D:1      | Reached XP level 3. HP: 26/28 MP: 6/6
  1620 | D:2      | Found an opulent altar of Gozag.
  1910 | D:2      | Learned a level 2 spell: Sticks to Snakes
  2069 | D:2      | Found a glowing golden altar of the Shining One.
  2134 | D:2      | You fall through a shaft!
  2203 | D:3      | Found a shadowy altar of Dithmenos.
  2250 | D:3      | Reached XP level 4. HP: 36/36 MP: 4/7
  2340 | D:3      | Reached skill level 4 in Unarmed Combat
  3103 | D:3      | Found a glowing silver altar of Zin.
  3268 | D:3      | Found a glowing golden altar of the Shining One.
  3273 | D:3      | Found a white marble altar of Elyvilon.
  3379 | D:4      | Reached XP level 5. HP: 31/42 MP: 1/8
  3657 | D:4      | Noticed an ogre
  3671 | D:4      | Killed an ogre
  3733 | D:4      | Noticed Sigmund
  3802 | D:4      | Noticed Natasha
  3815 | D:4      | Killed Natasha
  3908 | D:3      | Learned a level 4 spell: Ice Form
  3947 | D:4      | Found a basalt altar of Yredelemnul.
  3963 | D:4      | Noticed Natasha
  3974 | D:4      | Killed Natasha
  3986 | D:4      | Noticed Natasha
  3990 | D:4      | Killed Natasha
  4301 | D:4      | Found a radiant altar of Vehumet.
  4304 | D:4      | Noticed Grinder
  4307 | D:4      | Paralysed by Grinder for 3 turns
  4315 | D:4      | Noticed an ogre
  4398 | D:4      | Killed an ogre
  4465 | D:4      | Noticed Edmund
  4474 | D:4      | Paralysed by Grinder for 4 turns
  4499 | D:4      | Killed Grinder
  4499 | D:4      | Reached skill level 5 in Unarmed Combat
  4499 | D:4      | Reached XP level 6. HP: 49/51 MP: 4/10
  4532 | D:5      | Entered Level 5 of the Dungeon
  5023 | D:5      | Reached skill level 1 in Ice Magic
  5023 | D:5      | Your scales start taking on a glossy black colour.
  5023 | D:5      | Gained mutation: You are resistant to electric shocks. [Black Draconian growth]
  5023 | D:5      | Reached XP level 7. HP: 45/57 MP: 12/12
  5294 | D:5      | Reached skill level 6 in Unarmed Combat
  5740 | D:5      | Found a blossoming altar of Fedhas.
  5868 | D:5      | Found a sparkling altar of Nemelex Xobeh.
  5959 | D:5      | Found a stormy altar of Qazlal.
  5965 | D:5      | Reached XP level 8. HP: 63/63 MP: 11/14
  5973 | D:5      | Became a worshipper of Qazlal Stormbringer
  6299 | D:6      | Reached skill level 7 in Unarmed Combat
  6427 | D:6      | Reached skill level 5 in Transmutations
  6766 | D:6      | Found a viscous altar of Jiyva.
  6774 | D:6      | Fell from the grace of Qazlal
  6774 | D:6      | Became a worshipper of Jiyva Jubromai the Shapeless
  7245 | D:6      | Reached skill level 8 in Unarmed Combat
  7275 | D:6      | Found a shimmering altar of Xom.
  7298 | D:6      | Noticed a hill giant
  7320 | D:6      | Killed a hill giant
  7320 | D:6      | Reached skill level 5 in Spellcasting
  7320 | D:6      | Reached XP level 9. HP: 38/70 MP: 6/16
  7372 | D:6      | Reached * piety under Jiyva
  7601 | D:6      | Noticed Blork the orc
  7727 | D:6      | Killed Blork the orc
  7733 | D:6      | Found a deep blue altar of Sif Muna.
  7798 | D:7      | Found a glowing golden altar of the Shining One.
  7857 | D:7      | Noticed Joseph
  7869 | D:7      | Shot with a sling bullet by Joseph

Action                   |  1- 3 |  4- 6 |  7- 9 || total
-------------------------+-------+-------+-------++-------
Melee: Unarmed           |   156 |   218 |   181 ||   555
 Cast: Beastly Appendage |    22 |    21 |    25 ||    68
       Sticks to Snakes  |       |    24 |     9 ||    33
       Ice Form          |       |       |     1 ||     1
 Abil: Breathe Lightning |       |       |    10 ||    10
  Use: Scroll            |       |    10 |       ||    10
       Potion            |       |     6 |     1 ||     7
 Stab: Confused          |       |     1 |       ||     1
  Eat: Chunk             |     5 |     6 |    10 ||    21
       Meat ration       |       |     1 |       ||     1
       Beef jerky        |       |     1 |       ||     1
